Map: Whitewater Line LE

Players

Vagales

  • Race: Zerg Zerg
  • League: Diamond
  • Spawn Location: 7:00

Aukan

  • Race: Zerg Zerg
  • League: Diamond
  • Spawn Location: 7:00

Eduardo

  • Race: Protoss Protoss
  • League: Platinum
  • Spawn Location: 6:00

Fresh - Winner!

  • Race: Zerg Zerg
  • Spawn Location: 1:00

GiBZiLLA - Winner!

  • Race: Zerg Zerg
  • Spawn Location: 12:00

Doubt - Winner!

  • Race: Zerg Zerg
  • Spawn Location: 1:00

VOD

Have the link to the VOD?

Description

Time

  • Played on: Sept. 12, 2020, 9:21 p.m.
  • Length: 9:02
Show
View Real Time Build Order
Export as new Build Order

Vagales Zerg 

Build Orders: Pool First 

Get SALT Encoding   

  12  0:01  Drone  
  13  0:13  Overlord  
  13  0:23  Overlord  
  13  0:28  Drone  
  14  0:33  Drone  
  15  0:39  Drone  
  16  0:53  Spawning Pool  
  16  0:54  Drone  
  16  0:59  Drone  
  17  1:23  Hatchery  
  17  1:24  Drone  
  17  1:27  Drone  
  18  1:33  Extractor  
  18  1:36  Drone  
  18  1:43  Queen  
  20  1:56  Zergling x2, Drone  
  22  2:02  Drone  
  23  2:12  Zergling x2  
  24  2:23  Zergling x2  
  24  2:28  Queen  
  27  2:34  Zergling x2  
  28  2:37  Zergling x2  
  29  2:45  Queen, Drone  
  29  2:46  Zergling x2  
  33  2:54  Zergling x6  
  36  3:00  Overlord  
  36  3:01  Metabolic Boost  
  35  3:07  Zergling x2  
  35  3:12  Overlord  
  36  3:20  Zergling x6  
  35  3:41  Drone x5  
  37  3:46  Roach Warren  
  38  3:51  Drone  
  39  4:00  Zergling x2  
  39  4:01  Zergling x6  
  40  4:06  Zergling x2  
  40  4:19  Zergling x8  
  41  4:24  Zergling x4  
  41  4:29  Spine Crawler  
  41  4:30  Spine Crawler  
  41  4:34  Drone x2  
  43  4:49  Drone x2  
  44  4:57  Roach  
  44  4:58  Roach x2  
  50  5:00  Roach  
  47  5:13  Roach  
  47  5:14  Roach  
  50  5:16  Overlord x2  
  50  5:25  Lair  
  50  5:26  Overlord  
  50  5:40  Evolution Chamber  
  53  5:42  Roach, Evolution Chamber  
  53  5:43  Roach x3  
  53  5:46  Roach  
  54  5:55  Roach x3  
  56  5:59  Roach  
  58  6:05  Roach  
  58  6:06  Roach  
  62  6:11  Drone  
  62  6:12  Drone  
  64  6:24  Spore Crawler  
  63  6:26  Spore Crawler  
  63  6:30  Spore Crawler x2  
  60  6:34  Drone x3  
  60  6:39  Drone x2  
  65  6:46  Queen  
  67  6:49  Zergling x2  
  67  6:53  Overlord  
  68  6:58  Overlord  
  68  7:05  Spore Crawler  
  67  7:16  Drone  
  67  7:17  Overlord  
  68  7:34  Zergling x6  
  68  7:35  Zergling x4  
  72  7:42  Roach x2  
  72  7:43  Roach x2  
  80  7:46  Zergling x2  
  61  7:59  Drone  
  61  8:00  Drone x5  
  55  8:11  Hydralisk Den  
  55  8:12  Extractor  
  52  8:19  Drone x3  
  54  8:21  Roach  
  54  8:22  Extractor  
  54  8:24  Drone  
  56  8:32  Roach  
  56  8:33  Zergling x4, Roach  
  61  8:37  Zergling x2  
  60  8:42  Zergling x8  
Show
View Real Time Build Order
Export as new Build Order

Aukan Zerg 

Build Orders: Pool First, Zergling Baneling 

Get SALT Encoding   

  12  0:05  Drone  
  13  0:14  Overlord  
  13  0:33  Drone x3  
  16  0:44  Spawning Pool  
  16  0:46  Drone  
  16  0:53  Extractor  
  16  0:55  Drone  
  16  1:17  Overlord  
  16  1:27  Drone  
  17  1:33  Hatchery  
  17  1:39  Queen  
  18  1:50  Zergling x4  
  18  1:53  Drone  
  21  1:59  Metabolic Boost  
  21  2:10  Zergling x2  
  22  2:22  Zergling x2  
  23  2:23  Baneling Nest  
  23  2:24  Zergling x2  
  23  2:35  Overlord  
  23  2:46  Drone  
  23  2:47  Zergling x2  
  23  2:51  Zergling x6  
  28  3:05  Zergling x4  
  30  3:07  Queen  
  32  3:25  Drone x4  
  36  3:31  Baneling  
  36  3:32  Baneling x4  
  25  4:16  Drone x2  
  25  4:17  Drone x4  
  30  4:21  Queen  
  33  4:29  Zergling x2  
  33  4:30  Zergling x2  
  35  4:40  Zergling x2  
  35  4:43  Hatchery  
  35  4:45  Zergling x2  
  36  4:49  Baneling x2  
  36  4:50  Baneling x2  
  36  4:56  Overlord x2  
  35  5:12  Drone x3  
  35  5:26  Extractor  
  34  5:30  Zergling x2  
  34  5:31  Zergling x14  
  42  5:41  Zergling x4  
  42  5:47  Zergling x2  
  40  5:57  Zergling x10  
  40  6:02  Queen x2  
  40  6:03  Overlord  
  42  6:13  Drone  
  43  6:26  Queen  
  43  6:29  Drone x2  
  43  6:30  Drone  
  48  6:35  Drone x4  
  48  6:36  Drone  
  48  6:38  Queen  
  54  6:50  Zergling x12  
  56  6:55  Zergling x4  
  56  6:56  Baneling  
  56  6:57  Baneling x3  
  58  7:02  Drone x2  
  60  7:09  Zergling x4  
  62  7:21  Zergling x4  
  62  7:22  Zergling x4  
  60  7:34  Zergling x4  
  48  7:47  Zergling x12  
  47  8:16  Overlord x5  
  47  8:18  Baneling x5  
  47  8:25  Extractor  
  47  8:26  Extractor  
Show
View Real Time Build Order
Export as new Build Order

Eduardo Protoss 

Build Orders:  

Get SALT Encoding   

  12  0:01  Probe  
  13  0:14  Pylon  
  13  0:18  Probe  
  14  0:33  Gateway  
  14  0:35  Probe  
  15  0:47  Probe  
  16  0:53  Gateway  
  16  0:59  Probe  
  17  1:06  Assimilator  
  18  1:11  Probe  
  18  1:21  Cybernetics Core  
  18  1:28  Probe, Pylon  
  19  1:38  Zealot  
  21  1:40  Zealot  
  23  1:49  Warp Gate (Chrono Boost)  
  23  1:51  Probe  
  24  1:57  Pylon  
  24  2:06  Adept  
  26  2:11  Adept  
  28  2:16  Pylon  
  28  2:35  Gateway  
  28  2:37  Stalker  
  30  2:45  Stalker  
  32  2:53  Pylon  
  32  3:29  Adept  
  32  3:30  Zealot  
  32  3:31  Sentry  
  38  4:05  Assimilator  
  38  4:23  Nexus  
  36  4:29  Adept  
  36  4:30  Adept x2  
  34  4:37  Pylon  
  30  4:46  Gateway  
  26  4:56  Adept x3  
  30  5:03  Gateway  
  26  5:16  Pylon, Gateway  
  26  5:17  Stalker  
  26  5:19  Sentry  
  30  5:30  Stalker  
  24  5:43  Adept x2  
  28  5:53  Shield Battery  
  28  6:00  Stalker  
  30  6:08  Stalker  
  23  6:31  Probe (Chrono Boost)  
  24  6:41  Probe (Chrono Boost)  
  24  6:46  Probe  
  25  6:58  Probe  
  26  7:20  Probe  
  26  7:21  Probe  
  28  7:33  Probe  
  26  8:30  Assimilator  
  26  8:31  Assimilator  
  26  8:34  Stalker x2  
Show
View Real Time Build Order
Export as new Build Order

Fresh Zerg - Winner!

Build Orders: Hatch First, Zergling Baneling 

Get SALT Encoding   

  12  0:00  Drone  
  13  0:08  Drone  
  14  0:18  Overlord  
  14  0:29  Extractor, Drone  
  15  0:38  Drone x2  
  17  0:43  Drone  
  18  1:01  Drone, Hatchery  
  18  1:05  Drone  
  19  1:12  Extractor  
  19  1:15  Drone  
  19  1:23  Spawning Pool  
  18  1:26  Drone  
  19  1:37  Drone  
  20  1:47  Overlord  
  20  2:00  Drone  
  21  2:09  Drone  
  21  2:12  Metabolic Boost  
  21  2:14  Queen x2  
  26  2:16  Drone  
  26  2:21  Drone  
  28  2:25  Drone  
  29  2:33  Baneling Nest  
  29  2:34  Drone  
  29  2:37  Zergling x2  
  29  2:42  Overlord  
  30  2:45  Zergling x2  
  31  2:52  Zergling x2  
  32  2:59  Zergling x2  
  32  3:08  Zergling x4  
  34  3:18  Baneling  
  34  3:19  Baneling  
  34  3:21  Zergling x4  
  34  3:23  Baneling  
  34  3:25  Zergling x8  
  40  3:27  Baneling x2  
  37  4:05  Baneling x3  
  37  4:06  Baneling  
  36  4:14  Overlord x3  
  36  4:20  Spine Crawler  
  36  4:23  Spine Crawler  
  32  4:38  Zergling x12  
  38  4:47  Baneling x5  
  38  4:50  Zergling x4  
  33  5:10  Zergling x2  
  33  5:11  Zergling x6  
  36  5:15  Baneling x2  
  36  5:16  Baneling x5  
  36  5:21  Zergling x4  
  36  5:24  Spore Crawler  
  36  5:26  Spore Crawler  
  31  5:47  Baneling  
  22  6:05  Zergling x10  
  22  6:06  Zergling x10  
  22  6:07  Zergling x2  
  22  6:11  Zergling x2, Extractor  
  34  6:12  Lair  
  33  6:21  Drone x3  
  33  6:22  Drone x4  
  33  6:23  Overlord  
  40  6:31  Drone  
  41  6:34  Drone  
  41  6:58  Drone x5  
  41  6:59  Drone  
  45  7:05  Drone x3, Hatchery  
  47  7:14  Centrifical Hooks  
  47  7:18  Drone  
  47  7:19  Drone  
  49  7:33  Baneling x4  
  49  7:34  Baneling x3  
  49  7:35  Drone  
  49  7:36  Drone x4  
  54  7:37  Drone  
  54  7:39  Drone  
  56  7:50  Drone x4  
  56  7:51  Drone x3  
  54  8:16  Drone  
  54  8:17  Drone x7  
  62  8:20  Extractor  
  62  8:21  Extractor  
  60  8:31  Drone x2  
  60  8:32  Overlord, Drone  
  63  8:35  Zergling x6  
  63  8:40  Extractor  
  65  8:43  Zergling x10  
  72  8:52  Extractor  
  71  8:59  Spore Crawler  
  71  9:00  Spore Crawler, Spine Crawler  
Show
View Real Time Build Order
Export as new Build Order

GiBZiLLA Zerg - Winner!

Build Orders: Hatch First 

Get SALT Encoding   

  12  0:00  Drone  
  13  0:17  Drone  
  14  0:36  Hatchery  
  14  0:39  Drone  
  14  0:55  Spawning Pool  
  13  1:00  Drone  
  14  1:07  Overlord  
  14  1:15  Extractor  
  14  1:16  Drone  
  15  1:25  Drone x2  
  15  1:32  Drone  
  18  1:39  Extractor  
  17  1:42  Queen  
  17  1:43  Drone  
  20  1:50  Queen  
  22  1:54  Drone  
  22  1:58  Drone  
  24  2:07  Drone x2  
  26  2:10  Drone  
  26  2:15  Drone  
  28  2:23  Overlord  
  28  2:26  Extractor  
  28  2:27  Drone, Extractor  
  27  2:30  Drone  
  30  2:38  Overlord  
  30  2:40  Lair  
  30  2:43  Drone  
  31  2:47  Drone  
  32  2:51  Drone x2  
  32  2:52  Drone  
  32  2:55  Drone  
  36  3:00  Overlord  
  36  3:02  Drone  
  36  3:03  Drone  
  38  3:06  Zergling x2  
  39  3:14  Zergling x4  
  39  3:16  Metabolic Boost  
  39  3:17  Zergling x2  
  42  3:23  Spine Crawler  
  42  3:24  Extractor  
  42  3:25  Zergling x4  
  42  3:32  Zergling x4  
  44  3:35  Zergling x6  
  47  3:51  Zergling x8  
  51  3:58  Zergling x2  
  50  4:06  Overlord x2  
  50  4:14  Extractor, Spire  
  46  4:28  Drone x5  
  46  4:31  Drone x2  
  51  4:33  Overlord x2  
  51  4:35  Spore Crawler  
  51  4:36  Spore Crawler  
  49  4:41  Overlord, Extractor  
  49  4:44  Drone x2  
  50  4:50  Drone  
  50  4:51  Drone  
  49  4:59  Drone x2  
  44  5:09  Spine Crawler  
  44  5:25  Mutalisk x4  
  44  5:28  Hatchery  
  51  5:30  Mutalisk  
  51  5:35  Zerg Flyer Weapons Level 1  
  53  5:38  Mutalisk  
  55  5:45  Drone x3  
  55  5:47  Drone  
  55  5:48  Drone  
  60  5:52  Mutalisk  
  60  5:56  Mutalisk  
  62  6:03  Mutalisk  
  66  6:30  Mutalisk x2  
  66  6:31  Mutalisk  
  72  6:33  Drone x4  
  72  6:34  Overlord x2  
  72  6:35  Overlord x2  
  76  6:46  Drone  
  76  6:47  Drone  
  78  6:48  Queen  
  78  6:53  Drone x2  
  82  6:55  Drone x2  
  82  6:58  Mutalisk  
  82  7:01  Infestation Pit, Mutalisk  
  87  7:09  Mutalisk  
  87  7:12  Drone x3  
  87  7:13  Drone x2  
  94  7:18  Evolution Chamber  
  93  7:33  Zergling x2  
  93  7:34  Zergling x10  
  93  7:36  Mutalisk  
  97  7:40  Hive  
  93  7:58  Zergling x16  
  101  8:06  Drone x2  
  101  8:08  Extractor  
  101  8:09  Extractor  
  101  8:11  Hatchery  
  97  8:18  Hatchery  
  97  8:19  Mutalisk x2  
  93  8:22  Zergling x10  
  102  8:42  Drone  
  102  8:43  Drone x8  
  102  8:44  Drone x2  
  102  8:47  Spore Crawler  
  108  8:49  Spine Crawler  
  108  8:51  Spore Crawler, Spine Crawler  
Show
View Real Time Build Order
Export as new Build Order

Doubt Zerg - Winner!

Build Orders: Hatch First 

Get SALT Encoding   

  12  0:00  Drone  
  13  0:12  Overlord  
  13  0:20  Drone  
  14  0:30  Drone x2  
  14  0:34  Drone  
  17  0:59  Hatchery  
  17  1:00  Drone  
  17  1:11  Spawning Pool  
  17  1:14  Extractor  
  17  1:16  Drone  
  16  1:19  Drone  
  16  1:24  Drone  
  18  1:29  Drone  
  19  1:41  Drone  
  20  1:51  Overlord  
  20  2:04  Drone  
  21  2:11  Zergling x2, Queen  
  21  2:12  Queen  
  26  2:20  Drone  
  27  2:24  Drone x2  
  29  2:41  Drone x2  
  29  2:44  Drone x2  
  33  2:57  Extractor  
  32  3:06  Roach Warren  
  32  3:09  Evolution Chamber  
  32  3:10  Drone x2  
  32  3:11  Drone x2  
  34  3:19  Drone x2  
  35  3:22  Overlord  
  35  3:26  Spore Crawler  
  34  3:29  Spore Crawler  
  33  3:35  Drone  
  33  3:36  Drone  
  33  3:37  Overlord  
  33  3:38  Zerg Missile Weapons Level 1  
  35  3:42  Lair  
  35  3:47  Roach x3  
  41  3:49  Roach  
  43  3:56  Overlord  
  43  4:28  Overlord  
  43  4:29  Roach x4  
  43  4:30  Roach x3  
  57  5:05  Roach  
  57  5:06  Overlord, Roach x3  
  65  5:23  Hatchery  
  65  5:26  Evolution Chamber  
  65  5:27  Extractor  
  65  5:28  Glial Reconstitution  
  62  5:29  Extractor  
  62  5:32  Hatchery  
  60  5:47  Roach  
  60  5:53  Ravager  
  57  5:57  Roach x4  
  57  5:58  Roach  
  57  5:59  Overlord  
  57  6:02  Ravager  
  56  6:16  Queen  
  58  6:39  Roach  
  62  6:40  Roach x6  
  62  6:41  Roach x3  
  62  6:43  Drone x2  
  80  7:05  Overseer  
  80  7:06  Overseer  
  80  7:10  Hydralisk Den  
  80  7:12  Queen  
  80  7:13  Queen  
  83  7:16  Drone x3  
  83  7:20  Drone  
  67  7:51  Roach  
  67  7:52  Roach x7  
  67  7:57  Ravager  
  72  8:21  Roach x5  
  72  8:22  Roach x2  
  84  8:47  Ravager  
  84  8:48  Ravager  
Tags
 
Add a new tag
Caveats
  • Supply blocks, unpowered buildings, or Contaminate may cause inaccurate times.
  • Supply counts are checked every 10 seconds.